 Dungeon Crawl Stone Soup version 0.27.1-34-g3ba077fa99 (webtiles) character file.

Game seed: 8578222390302218162

2829 pkoi the Zephyrmancer (level 9, -1/62 HPs)
             Began as a Black Draconian Air Elementalist on Jan 3, 2022.
             Was a Follower of Dithmenos.
             Shot with an arrow by a centaur warrior (11 damage)
             ... on level 9 of the Dungeon.
             The game lasted 00:15:02 (13114 turns).

pkoi the Zephyrmancer (DrAE)                       Turns: 13114, Time: 00:15:02

Health: -1/62      AC: 11    Str: 10    XL:     9   Next: 45%
Magic:  16/16      EV: 12    Int: 19    God:    Dithmenos [*.....]
Gold:   348        SH:  0    Dex: 18    Spells: 10/18 levels left

rFire    . . .     SeeInvis .   a - staff of air
rCold    + . .     Faith    .   (no shield)
rNeg     . . .     Spirit   .   (armour unavailable)
rPois    +         Reflect  .   (helmet restricted)
rElec    +         Harm     .   c - +0 cloak {rPois}
rCorr    .         Rampage  .   e - +2 pair of gloves
Will     .....                  (no boots)
Stlth    +++.......             (no amulet)
HPRegen  0.20/turn              y - +6 ring of dexterity
MPRegen  0.15/turn              s - ring of protection from cold

@: wreathed by umbra
A: breathe lightning, AC +7, unfitting armour, electricity resistance,
cold-blooded
a: Breathe Lightning, Renounce Religion


You were on level 9 of the Dungeon.
You worshipped Dithmenos.
Dithmenos was aware of your devotion.
You visited 2 branches of the dungeon, and saw 10 of its levels.

You collected 348 gold pieces.

Inventory:

Hand Weapons
 b - the +3 mace "Esegiudij" {vorpal, Int+3 Dex+3}
   (You found it on level 4 of the Dungeon)

   It inflicts extra damage upon your enemies.
   Int:       It affects your intelligence (+3).
   Dex:       It affects your dexterity (+3).
 r - a +1 vampiric dagger
 x - a +1 dagger of venom
Missiles
 n - 2 atropa-tipped darts
Armour
 c - a +0 cloak of poison resistance (worn)
 e - a +2 pair of gloves (worn)
 o - a +2 cloak
Magical Staves
 a - a staff of air (weapon)
Jewellery
 q - a ring of flight
 s - a ring of protection from cold (right hand)
 y - a +6 ring of dexterity (left hand)
Wands
 g - a wand of polymorph (4)
 v - a wand of flame (23)
 w - a wand of paralysis (7)
Scrolls
 d - a scroll of fog
 f - 2 scrolls of fear
 h - a scroll of brand weapon
 i - a scroll of identify
 k - a scroll of enchant armour
 l - 2 scrolls of amnesia
 t - a scroll of teleportation
Potions
 j - 2 potions of haste
 m - a potion of berserk rage
 p - 5 potions of curing
 u - a potion of might


   Skills:
 - Level 1.7 Dodging
 - Level 3.0 Stealth
 + Level 6.8 Unarmed Combat
 + Level 5.2 Spellcasting
 - Level 3.0 Conjurations
 + Level 11.0 Air Magic


You had 10 spell levels left.
You knew the following spells:

 Your Spells              Type           Power      Damage    Failure   Level
a - Shock                 Conj/Air       100%       1d9       1%          1
b - Swiftness             Air            63%        N/A       1%          3
c - Airstrike             Air            31%        N/A       1%          4

Your spell library contained the following spells:

 Spells                   Type           Power      Damage    Failure   Level
 Static Discharge         Conj/Air       47%        N/A       1%          2
 Summon Small Mammal      Summ           20%        N/A       12%         1
 Conjure Flame            Conj/Fire      10%        6-21      19%         3
 Call Canine Familiar     Summ           5%         N/A       36%         3
 Ignite Poison            Fire/Tmut/Pois 5%         N/A       36%         3
 Summon Guardian Golem    Hex/Summ       5%         N/A       36%         3
 Sticky Flame             Conj/Fire      10%        2d3       54%         4


Dungeon Overview and Level Annotations

Branches:
Dungeon (9/15)             Temple (1/1) D:5
   Lair: D:8-11         Orc: D:9-12

Altars:
Ashenzari
Cheibriados
Dithmenos
Elyvilon
Fedhas
Gozag
Hepliaklqana
Kikubaaqudgha
Makhleb
Nemelex Xobeh
Okawaru
Qazlal
Ru
Sif Muna
Uskayaw
Vehumet
Wu Jian
Xom
Yredelemnul
Zin
The Shining One

Annotations:
D:9 Erolcha


Innate Abilities, Weirdness & Mutations

You can breathe wild blasts of lightning.
Your glossy black scales are hard. (AC +7)
You cannot fit into any form of body armour.
You are resistant to electric shocks. (rElec)
You are cold-blooded and may be slowed by cold attacks.


Message History

There is an open door here.
You open the door.
There is an open door here.
You open the door. As you open the door, it creaks loudly!
Found a war axe.
There is an open door here.
You now have 348 gold pieces (gained 17).
You see here a +0 war axe.
Found a stone staircase leading down.
You open the door.
There is an open door here.
Found a scroll of fear.
f - 2 scrolls of fear (gained 1)
You open the door.
There is an open door here.
You open the door.
A howler monkey comes into view.
Erolcha shouts!
A howler monkey comes into view.
Erolcha mumbles some strange words.
Erolcha flickers and vanishes!
Deactivating autopickup; reactivate with Ctrl-A.
Found a scroll labelled ZEINOU DOEWN.
You close the door.
A howler monkey opens the door.
The howler monkey howls!
The centaur warrior shouts!
You hear a zap.
A bolt of acid appears from out of thin air!
The bolt of acid hits you.
You are splashed with acid!
The centaur warrior wields a +0 shortbow.
The centaur warrior shoots an arrow.
The howler monkey howls!
The centaur warrior shoots an arrow.
The arrow hits you!!
The centaur warrior shoots an arrow.
The arrow hits you!
* * * LOW HITPOINT WARNING * * *
The centaur warrior shoots an arrow.
The arrow barely misses you.
The centaur warrior shoots an arrow.
The arrow hits you!
* * * LOW HITPOINT WARNING * * *
The centaur warrior shoots an arrow.
The arrow hits you but does no damage.
The centaur warrior shoots an arrow.
The arrow hits you!
You die...

#..... #....# #...... #....#
#.##... #...># #....# ## #....#
#....# ..# #....#####....# ...#
############....#........# .....
................#........#h....?
................@......c.'h.....
................#..#.....#.....#
................#........#.....#
................###+#....#.....#
................##..'....#.....#
.)..............##..#....#.....#
................##..#.#..#.....#
................##..#....#..<..#
................#####....#.....#


You could see a centaur warrior.

Vanquished Creatures
  Sigmund (D:4)
  A wraith (D:7)
  A steam dragon (D:9)
  2 water moccasins
  2 orc warriors
  An ice beast (D:5)
  A sky beast (D:5)
  An ogre (D:5)
  A necrophage (D:6)
  A centaur (D:8)
  A phantom (D:5)
  A kobold brigand (D:6)
  A gnoll sergeant (D:6)
  3 scorpions
  A wyvern zombie (D:6)
  A water moccasin zombie (D:5)
  4 wights (D:6)
  2 centaur zombies
  2 bullfrog zombies (D:5)
  4 jellies
  Crazy Yiuf (D:4)
  A bullfrog skeleton (D:6)
  5 hounds
  2 orc priests (D:8)
  3 centaur skeletons (D:7)
  2 orc wizards
  A killer bee zombie (D:7)
  A hound skeleton (D:4)
  A howler monkey zombie (D:5)
  4 gnolls (D:6)
  2 howler monkey skeletons (D:7)
  3 adders
  A white imp (D:7)
  A worm (D:3)
  2 dart slugs (D:1)
  15 orcs
  7 endoplasms
  3 giant cockroaches
  2 goblins
  9 hobgoblins
  3 jackals (D:1)
  2 quokkas
  5 ball pythons
  7 bats (D:1)
  3 frilled lizards (D:1)
  10 kobolds
  5 rats
133 creatures vanquished.

Notes
Turn   | Place    | Note
-------+----------+-------------------------------------------
     0 | D:1      | pkoi the Draconian Air Elementalist began the quest for the
                  | Orb.
     0 | D:1      | Reached XP level 1. HP: 14/14 MP: 3/3
   217 | D:1      | Reached XP level 2. HP: 20/20 MP: 5/5
   515 | D:1      | Reached skill level 1 in Unarmed Combat
   923 | D:1      | Reached XP level 3. HP: 26/26 MP: 1/6
  1897 | D:2      | Found a faded altar of an unknown god.
  1942 | D:2      | Learned a level 3 spell: Swiftness
  2011 | D:3      | Found a shadowy altar of Dithmenos.
  2349 | D:3      | Reached XP level 4. HP: 28/33 MP: 1/7
  2438 | D:3      | Learned a level 4 spell: Airstrike
  3198 | D:4      | Noticed Sigmund
  3274 | D:4      | Killed Sigmund
  3275 | D:4      | Reached skill level 4 in Air Magic
  3275 | D:4      | Reached XP level 5. HP: 13/38 MP: 1/9
  3275 | D:4      | Reached XP level 6. HP: 15/45 MP: 1/10
  3575 | D:3      | Became a worshipper of Dithmenos the Shadowed
  3633 | D:4      | Identified the +3 mace "Esegiudij" {vorpal, Int+3 Dex+3}
  3637 | D:4      | Identified the +5 mace of Action {chaos, SInv}
  3640 | D:4      | Found a runed translucent door.
  3641 | D:4      | Noticed Crazy Yiuf
  3651 | D:4      | Killed Crazy Yiuf
  4615 | D:5      | Entered Level 5 of the Dungeon
  4660 | D:5      | Noticed an ice beast
  4697 | D:5      | Killed an ice beast
  4698 | D:5      | Reached skill level 5 in Air Magic
  4974 | D:5      | Your scales start taking on a glossy black colour.
  4974 | D:5      | Reached skill level 6 in Air Magic
  4974 | D:5      | Reached XP level 7. HP: 37/50 MP: 1/11
  4974 | D:5      | Gained mutation: You are resistant to electric shocks.
                  | (rElec) [Black Draconian growth]
  5128 | D:5      | Found a staircase to the Ecumenical Temple.
  5147 | Temple   | Entered the Ecumenical Temple
  5334 | D:5      | Reached skill level 7 in Air Magic
  5913 | D:5      | Reached skill level 8 in Air Magic
  6027 | D:5      | Reached XP level 8. HP: 57/57 MP: 8/12
  6261 | D:5      | Reached skill level 5 in Unarmed Combat
  6814 | D:6      | Reached skill level 9 in Air Magic
  8453 | D:6      | Reached skill level 10 in Air Magic
  9308 | D:7      | Reached XP level 9. HP: 14/62 MP: 2/15
 10853 | D:7      | Found a white marble altar of Elyvilon.
 10855 | D:7      | Found a blossoming altar of Fedhas.
 10855 | D:7      | Found a shimmering altar of Xom.
 10947 | D:7      | Found a stormy altar of Qazlal.
 10947 | D:7      | Found a hide-covered altar of Uskayaw.
 10947 | D:7      | Found a radiant altar of Vehumet.
 11275 | D:8      | Reached * piety under Dithmenos
 11519 | D:8      | Reached skill level 5 in Spellcasting
 11894 | D:8      | Found a white marble altar of Elyvilon.
 11953 | D:8      | Found a basalt altar of Yredelemnul.
 11974 | D:8      | Found a stormy altar of Qazlal.
 12746 | D:9      | Noticed Erolcha
 12746 | D:9      | Noticed a centaur warrior
 12782 | D:9      | Reached skill level 11 in Air Magic
 13114 | D:9      | Shot with an arrow by a centaur warrior

Illustrated notes

Levels and vault maps discovered:
D:1:      minmay_arrival_four_circles, layout_basic, minmay_tromino_v4_b
D:2:      layout_basic, hellmonk_ecumenical_altar_inner_sanctum,
          kennysheep_potato
D:3:      layout_loops_corners, nicolae_overflow_hidden_temple, minivault_5
D:4:      layout_basic, uniq_sigmund, uniq_crazy_yiuf_cottage
D:5:      layout_basic, minmay_temple_entry_slanted, st_stairs_3,
          lemuel_flame_loot_1
D:6:      layout_gridville, minmay_strange_pillars, dk_vineyard_3
D:7:      layout_basic, doesnt_xom_only_xom, minmay_misc_feat_ornament,
          minmay_crystal_room
D:8:      layout_basic, marbit_many_paths, old_standard_altar,
          lemuel_crystal_altar
D:9:      layout_stronghold, erik_lair_dragon, serial_shops, shop, uniq_maurice,
          uniq_erolcha
Temple:   eino_temple_scatter_basement

Skill      XL: |  1  2  3  4  5  6  7  8  9 |
---------------+----------------------------+-----
Unarmed Combat | 1 2 3 4 6 |  6.8
Conjurations   | 2 3 |  3.0
Spellcasting   | 3 4 5 |  5.2
Air Magic      | 4 6 8 10 11 | 11.0
Stealth        | 3 |  3.0
Dodging        | |  1.7

Action                   |  1- 3 |  4- 6 |  7- 9 || total
-------------------------+-------+-------+-------++-------
Melee: Unarmed           |    20 |       |       ||    20
       Dagger            |    24 |    26 |       ||    50
       Tailslap          |     2 |     6 |     6 ||    14
       Mace              |       |    25 |    42 ||    67
       Punch             |       |     1 |     2 ||     3
 Cast: Shock             |    70 |    58 |    38 ||   166
       Airstrike         |       |       |    94 ||    94
 Abil: Breathe Lightning |       |       |     2 ||     2
  Use: Scroll            |       |     8 |     3 ||    11
       Potion            |       |     5 |     1 ||     6
 Stab: Sleeping          |       |     2 |       ||     2
Armor: Skin              |    31 |    33 |    48 ||   112
Dodge: Dodged            |    39 |    56 |    49 ||   144
